 Dungeon Crawl Stone Soup version 0.30-a0-439-g9e77e4d916 (webtiles) character file.

Game seed: 13012058665084684860

2100 Emberiza the Cleaver (level 9, -3/103 (105) HPs)
             Began as a Minotaur Berserker on Dec 10, 2022.
             Was a Priest of Trog.
             Killed from afar by Maggie (23 damage)
             ... with a bolt of fire
             ... on level 7 of the Dungeon.
             The game lasted 00:10:16 (7748 turns).

Emberiza the Cleaver (Minotaur Berserker)           Turns: 7748, Time: 00:10:17

HP:   -3/103 (105)  AC: 17    Str: 26    XL:     9   Next: 7%
MP:   8/8           EV:  3    Int:  4    God:    Trog [***...]
Gold: 536           SH: 10    Dex: 13    Spells: 8/8 levels left

rFire   . . .      SeeInvis +    G - +0 war axe
rCold   x . .      Faith    .    E - +0 tower shield {reflect}
rNeg    + . .      Spirit   .    H - +0 plate armour
rPois   .          Reflect  +    (helmet restricted)
rElec   .          Harm     .    B - +0 cloak
rCorr   .          Rampage  .    x - +0 pair of gloves
Will    ++...                    (no boots)
Stlth   ..........               (no amulet)
HPRegen 1.37/turn                I - ring of the Teaching Priest {rC- rN+ Dex+3 SInv}
MPRegen 0.11/turn                u - +4 ring of protection

@: berserking, strong-willed (expiring), regenerating (expiring), lightly
drained, very quick
A: horns 2, retaliatory headbutt
a: Renounce Religion, Berserk, Trog's Hand


You were on level 7 of the Dungeon.
You worshipped Trog.
Trog was most pleased with you.
You visited 1 branch of the dungeon, and saw 7 of its levels.

You collected 536 gold pieces.

Inventory:

Hand Weapons
 a - a +0 hand axe
 y - a +1 flail of protection
 z - a +0 hand axe of venom
 D - the +3 dagger "Egg" {elec, rElec rCorr Dex+2}
   (You found it on level 6 of the Dungeon)

   It occasionally discharges a powerful burst of electricity upon striking a
   foe.
   Dex:       It affects your dexterity (+2).
   rElec:     It insulates you from electricity.
   rCorr:     It protects you from acid and corrosion.
 G - a +0 war axe (weapon)
Missiles
 p - 3 throwing nets (quivered)
 w - 2 poisoned darts
Armour
 b - a +0 animal skin
 c - a +0 scale mail
 x - a +0 pair of gloves (worn)
 B - a +0 cloak (worn)
 E - a +0 tower shield of reflection (worn)
 H - a +0 plate armour (worn)
Jewellery
 h - a ring of magical power
 l - a ring of see invisible
 q - a +6 ring of dexterity
 u - a +4 ring of protection (right hand)
 I - the ring of the Teaching Priest (left hand) {rC- rN+ Dex+3 SInv}
   (You found it on level 7 of the Dungeon)

   [ring of positive energy]

   Dex:       It affects your dexterity (+3).
   rC:        It makes you vulnerable to cold.
   rN:        It protects you from negative energy.
   SInv:      It lets you see invisible.
Wands
 F - a wand of flame (14)
Scrolls
 j - 2 scrolls of teleportation
 n - a scroll of blinking
 o - 3 scrolls of identify
 t - 3 scrolls of enchant armour
 J - a scroll of amnesia {unknown}
Potions
 d - a potion of lignification {unknown}
 e - a potion of curing {unknown}
 f - 2 potions of ambrosia {unknown}
 g - a potion of heal wounds {unknown}
 i - a potion of haste {unknown}
 k - a potion of cancellation {unknown}
 m - a potion of brilliance {unknown}
 r - 3 potions of might {unknown}
 s - 3 potions of degeneration {unknown}
 v - 2 potions of attraction {unknown}
 A - a potion of invisibility {unknown}
 C - 2 potions of mutation {unknown}


   Skills:
 - Level 3.6 Fighting
 + Level 14.4 Axes
 - Level 2.4 Armour
 - Level 2.1 Dodging


You had 8 spell levels left.
You didn't know any spells.
Your spell library was empty.

Dungeon Overview and Level Annotations

Branches:
Dungeon (7/15)             Temple (0/1) D:4

Altars:
Cheibriados
Elyvilon
Kikubaaqudgha
Makhleb
Nemelex Xobeh
Uskayaw
Yredelemnul
Zin
The Shining One

Shops:
D:4 [

Annotations:
D:7 Maggie


Innate Abilities, Weirdness & Mutations

You have a pair of horns on your head.
You reflexively headbutt those who attack you in melee.


Message History

Maggie hits you with a +1 glaive of flaming.
Maggie burns you.
You hit Maggie but do no damage.
Maggie is moderately wounded.
You hit the orc.
You kill the orc!
Trog accepts your kill.
Maggie hits you with a +1 glaive of flaming.
Maggie burns you.
You hit Maggie but do no damage.
Maggie is moderately wounded.
You block Maggie's attack.
You slash Maggie!
Maggie is moderately wounded.
You break out of your daze.
Maggie hits you with a +1 glaive of flaming!
Maggie burns you.
Your skin crawls.
You feel strong-willed. You block Maggie's attack. You block Maggie's attack.
Maggie hits you with a +1 glaive of flaming!
* * * LOW HITPOINT WARNING * * *
Maggie burns you.
* * * LOW HITPOINT WARNING * * *
A red film seems to cover your vision as you go berserk!
You feel yourself moving faster!
You feel mighty!
You feel the effects of Trog's Hand fading.
Maggie casts a spell.
You closely miss Maggie.
Maggie is moderately wounded.
Maggie hits you with a +1 glaive of flaming!
* * * LOW HITPOINT WARNING * * *
Maggie burns you.
* * * LOW HITPOINT WARNING * * *
You closely miss Maggie.
Maggie is moderately wounded.
Maggie casts a spell at you. The bolt of fire hits you!!
You die...

######################
###.....................
#.........##############
#......@..# #.
#.....@)..# #.
#.........# ##.
#.........# #..
..........# ####..
#.........# ......
###.......# ####..
..##....# ### ..


You could see Maggie.

Vanquished Creatures
  Eustachio (D:5)
  A water moccasin (D:6)
  2 orc warriors (D:6)
  A black bear (D:5)
  3 ogres
  2 centaurs (D:6)
  4 scorpions
  A gnoll sergeant (D:6)
  4 hounds (D:6)
  3 orc priests
  A jelly (D:6)
  A gnoll bouda (D:6)
  2 iguanas
  8 orc wizards
  14 gnolls
  4 adders
  2 ufetubi
  4 worms
  7 dart slugs
  27 orcs
  5 ball pythons
  7 endoplasms
  5 giant cockroaches
  7 goblins
  10 hobgoblins
  3 jackals (D:3)
  A quokka (D:4)
  4 bats
  4 frilled lizards
  11 kobolds
  4 rats
153 creatures vanquished.

Vanquished Creatures (others)
  43 plants
43 creatures vanquished.

Grand Total: 196 creatures vanquished

Notes
Turn   | Place    | Note
-------+----------+-------------------------------------------
     0 | D:1      | Emberiza the Minotaur Berserker began the quest for the
                  | Orb.
     0 | D:1      | Reached XP level 1. HP: 19/19 MP: 0/0
    54 | D:1      | Found a faded altar of an unknown god.
   273 | D:1      | Reached skill level 4 in Axes
   337 | D:1      | Reached XP level 2. HP: 25/26 MP: 1/1
  1053 | D:2      | Reached skill level 5 in Axes
  1166 | D:2      | Reached XP level 3. HP: 27/31 MP: 2/2
  1202 | D:2      | Reached ** piety under Trog
  1438 | D:2      | Reached skill level 6 in Axes
  1438 | D:2      | Reached XP level 4. HP: 39/39 MP: 3/3
  2790 | D:3      | Found a basalt altar of Yredelemnul.
  3065 | D:3      | Found a glowing silver altar of Zin.
  3174 | D:3      | Reached XP level 5. HP: 43/45 MP: 4/4
  3509 | D:4      | Reached skill level 7 in Axes
  3555 | D:4      | Found Suostah's Antique Armour Boutique.
  3602 | D:4      | Found a burning altar of Makhleb.
  3624 | D:4      | Reached skill level 8 in Axes
  3942 | D:4      | Reached XP level 6. HP: 51/51 MP: 5/5
  3945 | D:4      | Reached *** piety under Trog
  4062 | D:4      | Found a sparkling altar of Nemelex Xobeh.
  4076 | D:4      | Found a hide-covered altar of Uskayaw.
  4344 | D:4      | Found a glowing golden altar of the Shining One.
  4439 | D:4      | Found a staircase to the Ecumenical Temple.
  4445 | D:4      | Reached skill level 9 in Axes
  4707 | D:5      | Entered Level 5 of the Dungeon
  5145 | D:5      | Reached XP level 7. HP: 52/57 MP: 6/6
  5380 | D:5      | Reached skill level 10 in Axes
  5543 | D:5      | Noticed Eustachio
  5557 | D:5      | Killed Eustachio
  5789 | D:5      | Reached skill level 11 in Axes
  6168 | D:6      | Reached XP level 8. HP: 35/64 MP: 7/7
  6344 | D:6      | Reached skill level 12 in Axes
  6523 | D:6      | Found an ancient bone altar of Kikubaaqudgha.
  6536 | D:6      | Found a white marble altar of Elyvilon.
  6634 | D:6      | Identified the +3 dagger "Egg" {elec, rElec rCorr Dex+2}
  6664 | D:6      | Found a snail-covered altar of Cheibriados.
  7025 | D:6      | Reached skill level 13 in Axes
  7118 | D:6      | Reached skill level 14 in Axes
  7188 | D:6      | Reached XP level 9. HP: 25/67 MP: 8/8
  7674 | D:7      | Identified the ring of the Teaching Priest {rC- rN+ Dex+3
                  | SInv}
  7733 | D:7      | Noticed Maggie
  7748 | D:7      | Killed from afar by Maggie

Illustrated notes

Levels and vault maps discovered:
D:1:      lemuel_arrival_rhombus, layout_basic, ebering_ecumenical_altar_ruins
D:2:      layout_rooms, serial_bayou, serial_bayou_shore_a, serial_bayou_lake_a,
          serial_bayou_crossing, serial_bayou_pond_e, serial_bayou_lagoon_a,
          serial_bayou_shore_b, grunt_ministairs_15, minmay_close_crescents
D:3:      layout_basic, zin_treasury, mainiacjoe_overflow_chevrons
D:4:      layout_loops_corners, nicolae_tso_carved_into_rock,
          mainiacjoe_overflow_swirl, bloody_makhleb,
          minmay_temple_entry_proselytizer, serial_shops, nicolae_square_shop,
          nicolae_elevator_lobby_asterisk
D:5:      layout_basic, minmay_misc_feat_chi, uniq_eustachio
D:6:      kennysheep_housing_project, layout_cave_pools, lemuel_crystal_altar,
          slow_altar_1, mainiacjoe_overflow_surrounded_room
D:7:      layout_rooms, tgw_sif, fedhas_bush_and_centaur_altar,
          minmay_diced_spiral, uniq_maggie

Skill      XL: |  1  2  3  4  5  6  7  8 |
---------------+-------------------------+-----
Axes           | 4 5 6 8 9 11 14 | 14.4
Fighting       | |  3.6
Armour         | |  2.4
Dodging        | |  2.1

Action                   |  1- 3 |  4- 6 |  7- 9 || total
-------------------------+-------+-------+-------++-------
Melee: Hand axe          |    75 |   100 |   154 ||   329
       Headbutt          |    10 |    22 |    32 ||    64
       Flail             |       |    13 |       ||    13
       War axe           |       |       |    10 ||    10
Invok: Berserk           |     1 |     4 |     6 ||    11
       Trog's Hand       |       |       |     4 ||     4
  Use: Scroll            |       |     5 |     3 ||     8
Armor: Animal skin       |     1 |       |       ||     1
       Scale mail        |    39 |    43 |    60 ||   142
       Plate armour      |       |       |     1 ||     1
Dodge: Dodged            |    34 |    54 |    56 ||   144
Block: Tower shield      |       |       |    39 ||    39
       Reflection        |       |       |     1 ||     1

Table legend: (Time is in decaauts)
 A = Elapsed time spent in this place.
 B = Non-inter-level travel time spent in this place.
 C = Inter-level travel time spent in this place.
 D = Time resting spent in this place.
 E = Time spent auto-exploring this place.
 F = Levels seen in this place.
 G = Mean time per level.
                   A        B        C        D        E       F      G
               +--------+--------+--------+--------+--------+-----+--------+
         Total |   7891 |   7572 |    319 |   1591 |   4771 |   7 | 1127.3 |
       Dungeon |   7891 |   7572 |    319 |   1591 |   4771 |   7 | 1127.3 |
               +--------+--------+--------+--------+--------+-----+--------+

Top non-repeatable levels by time:
     D:6: 1614 daAuts
     D:5: 1379 daAuts
     D:3: 1378 daAuts
     D:2: 1346 daAuts
     D:4: 1219 daAuts
     D:1: 875 daAuts
     D:7: 76 daAuts
